 Dungeon Crawl Stone Soup version 0.31-a0-716-gc7603755dd (webtiles) character file.

Game seed: 6252647606965417285

354 arthad the Digger (level 6, -8/47 HPs)
             Began as a Draconian Earth Elementalist on Sept 10, 2023.
             Mangled by Duvessa
             ... wielding a +4 rapier of flaming
              (21 damage)
             ... on level 4 of the Dungeon.
             The game lasted 00:04:59 (3140 turns).

arthad the Digger (Draconian Earth Elementalist)    Turns: 3140, Time: 00:04:59

Health: -8/47      AC:  7    Str: 10    XL:     6   Next: 35%
Magic:  7/10       EV: 12    Int: 18    God:
Gold:   190        SH:  0    Dex: 11    Spells: 7/11 levels left

rFire   . . .        (no weapon)
rCold   . . .        (no shield)
rNeg    . . .        (body armour unavailable)
rPois   .            (helmet restricted)
rElec   .            (no cloak)
rCorr   .            (no gloves)
SInv    .            s - +0 pair of boots
Will    +....        j - amulet of magic regeneration
Stlth   ++           p - ring of willpower
HPRegen 0.27/turn    (no ring)
MPRegen 0.52/turn

%: no passive effects
@: no status effects
A: AC +6, unfitting armour, cold-blooded
a: no special abilities


You were on level 4 of the Dungeon.
You visited 1 branch of the dungeon, and saw 4 of its levels.

You collected 190 gold pieces.

Inventory:

Hand Weapons
 k - a +1 short sword of flaming
 r - a +1 dagger of chaos
Armour
 s - a +0 pair of boots (worn)
Jewellery
 e - an amulet of reflection
 j - an amulet of magic regeneration (around neck)
 p - a ring of willpower (left hand)
Scrolls
 c - 2 scrolls of teleportation {unknown}
 g - a scroll of fear {unknown}
 h - 2 scrolls of enchant weapon {unknown}
 l - 3 scrolls of enchant armour {unknown}
 m - a scroll of poison {unknown}
 o - a scroll of noise {unknown}
Potions
 a - a potion of magic
 b - 2 potions of brilliance {unknown}
 d - 2 potions of lignification {unknown}
 f - 3 potions of curing {unknown}
 i - 2 potions of heal wounds {unknown}
 n - a potion of attraction {unknown}
 q - a potion of invisibility {unknown}


   Skills:
 + Level 1.6 Fighting
 + Level 2.6 Dodging
 + Level 2.7 Stealth
 * Level 3.2 Spellcasting
 * Level 1.9 Conjurations
 * Level 2.5 Transmutations
 * Level 4.0 Earth Magic
 + Level 1.2 Poison Magic


You had 7 spell levels left.
You knew the following spells:

 Your Spells              Type           Power      Damage    Failure   Level
a - Sandblast             Erth           34%        2d9       3%          1
b - Stone Arrow           Conj/Erth      26%        3d8       14%         3

Your spell library contained the following spells:

 Spells                   Type           Power      Damage    Failure   Level
 Passwall                 Tmut/Erth      11%        N/A       6%          2
 Poisonous Vapours        Pois/Air       10%        N/A       19%         2
 Mephitic Cloud           Conj/Pois/Air  6%         N/A       30%         3
 Petrify                  Tmut/Erth      14%        N/A       38%         4
 Freezing Cloud           Conj/Ice/Air   2%         6-21      98%         5


Dungeon Overview and Level Annotations

Branches:
Dungeon (4/15)
 Temple: D:4-7

Altars:
Elyvilon
Okawaru
Xom

Shops:
D:1 (=   D:2 (

Annotations:
D:4 Duvessa


Innate Abilities, Weirdness & Mutations

Your plain brown scales are hard. (AC +6)
You cannot fit into any form of body armour.
You are cold-blooded and may be slowed by cold attacks.


Message History

You kill the ufetubus!
Found a spear and 9 stones.
You can't see any susceptible monsters within range! (Use Z to cast anyway.)
You see here a +0 spear.
Duvessa and Dowan come into view.
Duvessa is wielding a +4 rapier of flaming.
Dowan shouts!
You hear a shout!
The blast of sand hits Dowan!
Dowan is heavily wounded.
Dowan hits you but does no damage.
The blast of sand hits Dowan!
Dowan is almost dead.
A quokka comes into view.
You miscast Sandblast.
You are very lightly contaminated with residual magic.
Nothing appears to happen.
Dowan hits you with a +0 dagger. Dowan attacks as he pursues you!
Dowan barely misses you.
You see here a +0 spear.
The blast of sand misses Dowan.
The blast of sand misses Duvessa.
The blast of sand hits Dowan!
You kill Dowan!
Duvessa weeps, and shakes her weapon.
Duvessa goes berserk!
Duvessa hits you with a +4 rapier of flaming!
Duvessa burns you.
Duvessa hits you with a +4 rapier of flaming!
Duvessa burns you.
* * * LOW HITPOINT WARNING * * *
Your magical contamination has completely faded away.
Your Earth Magic skill increases to level 4!
You are too injured to fight recklessly!
Casting: Sandblast (safe; 3% risk of failure)
Confirm with . or Enter, or press ? or * to list all spells.
Aiming: Stone Arrow (dangerous; 14% risk of failure)
Press: ? - help, Shift-Dir - straight line, f/p - Duvessa
Aim: Duvessa, wielding a +4 rapier of flaming and wearing a +0 chain mail (berserk, 81% to hit)
The stone arrow hits Duvessa!
Duvessa is lightly wounded.
Duvessa hits you with a +4 rapier of flaming!!
You die...

##### .. .. ###..# ....#
#.##.. ....# ....#
....###...# ....#
#.....(..#
....#####....##..#
.......##.#...#..#
.................#
....##.##........#
....##..#....###@#
....###....### #e#
.....###...#####r#
..##.............#
..####.....#####........
........................
............####........
.............. #........
............#..#........


You could see Duvessa (berserk) and a quokka.

Vanquished Creatures
  A scorpion (D:4)
  Dowan (D:4)
  3 crimson imps (D:3)
  Natasha (D:2)
  Terence (D:2)
  3 adders
  An ufetubus (D:4)
  3 dart slugs
  An orc (D:3)
  4 ball pythons
  4 bats
  5 endoplasms
  3 giant cockroaches
  5 goblins
  7 hobgoblins
  4 jackals
  4 quokkas (D:1)
  2 frilled lizards
  6 kobolds
  8 rats
67 creatures vanquished.

Notes
Turn   | Place    | Note
-------+----------+-------------------------------------------
     0 | D:1      | arthad the Draconian Earth Elementalist began the quest for
                  | the Orb.
     0 | D:1      | Reached XP level 1. HP: 14/14 MP: 3/3
   274 | D:1      | Found Poarucof's Antique Weapon Shop.
   294 | D:1      | Reached XP level 2. HP: 18/20 MP: 0/5
   506 | D:1      | Found Nel Nol's Jewellery Shoppe.
  1210 | D:1      | Reached XP level 3. HP: 26/26 MP: 4/6
  1483 | D:2      | Learned a level 3 spell: Stone Arrow
  1484 | D:2      | Noticed Terence
  1490 | D:2      | Killed Terence
  1623 | D:2      | Found Leceu's Antique Weapon Boutique.
  1665 | D:2      | Reached XP level 4. HP: 34/34 MP: 5/7
  1706 | D:2      | Noticed Natasha
  1714 | D:2      | Killed Natasha
  1853 | D:2      | Reached skill level 1 in Conjurations
  2301 | D:3      | Found a white marble altar of Elyvilon.
  2361 | D:3      | Found an iron altar of Okawaru.
  2583 | D:3      | Found a shimmering altar of Xom.
  2592 | D:3      | Reached skill level 1 in Fighting
  2592 | D:3      | Reached XP level 5. HP: 38/40 MP: 6/9
  2873 | D:3      | Reached skill level 1 in Poison Magic
  3037 | D:4      | Reached XP level 6. HP: 36/47 MP: 7/10
  3131 | D:4      | Noticed Duvessa
  3131 | D:4      | Noticed Dowan
  3139 | D:4      | Killed Dowan
  3140 | D:4      | Reached skill level 4 in Earth Magic
  3140 | D:4      | Mangled by Duvessa

Illustrated notes

Levels and vault maps discovered:
D:1:      saegor_arrival_simple_d, layout_basic, serial_shops, shop_fountains,
          shop_coins
D:2:      layout_rooms, serial_shops, nicolae_lakefront_shop,
          minmay_misc_feat_iff, nicolae_the_louvre, uniq_natasha, uniq_terence
D:3:      layout_basic, general_overflow_altar, nicolae_elyvilon_peaceful_grove,
          led_xom_imps, chequers_arboretum
D:4:      layout_rooms, tgw_trog, uniq_crazy_yiuf_cottage, uniq_duvessa

Skill      XL: |  1  2  3  4  5  6 |
---------------+-------------------+-----
Stealth        | 2 |  2.7
Dodging        | 2 |  2.6
Conjurations   | 1 |  1.9
Transmutations | 2 |  2.5
Fighting       | 1 |  1.6
Spellcasting   | 3 |  3.2
Poison Magic   | 1 |  1.2
Earth Magic    | 4 |  4.0

Action                     |  1- 3 |  4- 6 || total
---------------------------+-------+-------++-------
  Melee: Unarmed           |     9 |       ||     9
         Tailslap          |     3 |       ||     3
   Cast: Sandblast         |    65 |    66 ||   131
         Stone Arrow       |       |     1 ||     1
 Armour: Skin              |    26 |    24 ||    50
  Dodge: Dodged            |    20 |    18 ||    38
  Block: Other             |     1 |       ||     1

Table legend: (Time is in decaauts)
 A = Elapsed time spent in this place.
 B = Non-inter-level travel time spent in this place.
 C = Inter-level travel time spent in this place.
 D = Time resting spent in this place.
 E = Time spent auto-exploring this place.
 F = Levels seen in this place.
 G = Mean time per level.
                   A        B        C        D        E       F      G
               +--------+--------+--------+--------+--------+-----+--------+
         Total |   3207 |   3124 |     83 |      8 |   2685 |   4 |  801.8 |
       Dungeon |   3207 |   3124 |     83 |      8 |   2685 |   4 |  801.8 |
               +--------+--------+--------+--------+--------+-----+--------+

Top non-repeatable levels by time:
     D:1: 1414 daAuts
     D:3: 970 daAuts
     D:2: 683 daAuts
     D:4: 138 daAuts
